Match 24810719
Unlisted

Match 24810719
End
Panzergrenadier Squad
Panzergrenadier Squad
250 Light Carrier
Construct Light Support Kompanie
2.5-tonne Medical Truck
Panzergrenadier Squad
Fire Support Elements
le.IG 18 Mechanized Group
Combat Half-tracks
Pak 38 Anti-tank Gun Team
Flakvierling Half-track
Construct Panzerarmee Kommand
Pak 38 Mechanized Group
Flak 36 Anti-tank Gun Team
Emergency Repair Kits
Selects Armored Support Battlegroup
Selects Salvage Kits
Selects Panzer Storm
Selects Stuka Anti-tank Loiter
Stuka Anti-tank Loiter
Armored Reserves
Tiger Heavy Tank
Panzer Storm
Aguirre
ACAB1986
Butomorgen
Mangelmutant
真是优优又香香呀
747882930
Serial Chiller
Limory
0
0

Comments sign in to comment!

No comments posted yet!